 Dungeon Crawl Stone Soup version 0.27.0-1-g7a089689b8 (webtiles) character file.

Game seed: 7744053701089339029

2 fiver49 the Grave Robber (level 1, -1/11 HPs)
             Began as a Gargoyle Necromancer on Aug 4, 2021.
             Slain by a kobold (2 damage)
             ... on level 1 of the Dungeon.
             The game lasted 00:00:52 (258 turns).

fiver49 the Grave Robber (Gargoyle Necromancer)      Turns: 258, Time: 00:00:52

Health: -1/11      AC:  4    Str: 11    XL:     1   Next: 30%
Magic:  1/3        EV:  8    Int: 15    God:
Gold:   8          SH:  0    Dex: 10    Spells: 3/4 levels left

rFire    . . .     SeeInvis .   (no weapon)
rCold    . . .     Faith    .   (no shield)
rNeg     + . .     Spirit   .   a - +0 robe
rPois    ∞         Reflect  .   (no helmet)
rElec    +         Harm     .   (no cloak)
rCorr    .         Rampage  .   (no gloves)
Will     .....                  (no boots)
Stlth    ++........             (no amulet)
HPRegen  0.03/turn              (no ring)
MPRegen  0.08/turn              (no ring)

@: constricted
A: sickness immunity, AC +2, negative energy resistance 1, electricity
resistance, torment resistance 1, petrification resistance
a: no special abilities


You were on level 1 of the Dungeon.
You visited 1 branch of the dungeon, and saw 1 of its levels.

You collected 8 gold pieces.

Inventory:

Armour
 a - a +0 robe (worn)
Jewellery
 c - a +4 ring of protection
Potions
 b - a potion of might {unknown}
 d - a potion of lignification {unknown}


   Skills:
 + Level 0.7 Fighting
 - Level 1.5 Dodging
 - Level 2.1 Stealth
 - Level 2.0 Spellcasting
 - Level 3.2 Necromancy


You had 3 spell levels left.
You knew the following spells:

 Your Spells              Type           Power      Damage    Failure   Level
a - Pain                  Necr           44%        1d6       6%          1

Your spell library contained the following spells:

 Spells                   Type           Power      Damage    Failure   Level
 Animate Skeleton         Necr           22%        N/A       6%          1
 Vampiric Draining        Necr           5%         2d6       17%         3
 Gell's Gravitas          Tloc           0%         N/A       54%         3
 Teleport Other           Tloc           1%         N/A       54%         3
 Animate Dead             Necr           5%         N/A       50%         4
 Agony                    Necr           11%        N/A       85%         5
 Dispersal                Tloc           0%         N/A       100%        6


Dungeon Overview and Level Annotations

Branches:
Dungeon (1/15)

Altars:

Shops:
D:1 :


Innate Abilities, Weirdness & Mutations

You are immune to sickness and miasma.
Your stone body is resilient. (AC +2)
You are immune to poison.
You resist negative energy. (rN+)
You are resistant to electric shocks. (rElec)
You are resistant to unholy torment.
You are immune to petrification.


Message History

Casting: Pain (safe; 6% risk of failure)
Confirm with . or Enter, or press ? or * to list all spells.
Aiming: Pain (safe; 6% risk of failure)
Press: ? - help, Shift-Dir - straight line, f/p - kobold
Aim: a kobold, wielding a +0 whip and quivering stones (moderately wounded, chance to affect: 80%)
The kobold writhes in agony.
The ball python bites you. The ball python grabs you.
The ball python constricts you.
Casting: Pain (safe; 6% risk of failure)
Confirm with . or Enter, or press ? or * to list all spells.
You don't have enough magic to cast this spell.
You hit the ball python.
The ball python is moderately wounded.
The ball python bites you.
* * * LOW HITPOINT WARNING * * *
x2 The ball python constricts you.
Unknown command.
You escape the ball python's grasp.
The kobold barely misses you.
You closely miss the kobold.
The kobold is heavily wounded.
The kobold closely misses you.
The ball python bites you but does no damage.
The ball python grabs you.
* * * LOW HITPOINT WARNING * * *
The ball python constricts you.
You barely miss the kobold.
The kobold is heavily wounded.
The kobold hits you but does no damage.
The ball python bites you but does no damage.
The ball python constricts you.
You miss the kobold.
The kobold is heavily wounded.
The ball python closely misses you. The ball python constricts you.
The kobold barely misses you.
The ball python bites you but does no damage.
The ball python constricts you.
You hit the kobold but do no damage.
The kobold is heavily wounded.
The kobold hits you with a +0 whip.
You die...

#...... .. ###...... ...
#######.....### ...
#..............
...##........J#
.....†........#
..............#
..........#+#.###########
..........#...JK@S.......
#.#...#######.###########
..............#######
#.#############.....######
#.# #......# #.#........#
#.# #.####.# #.#.######.#
#.# #.# #.# ##.#.#......#
#.# #.# #.# #..#.##.....#
## #.###.# #.#
#.##.####...#######.


You could see an endoplasm, a ball python and a kobold.

Vanquished Creatures
  A ball python (D:1)
  A bat (D:1)
  A rat (D:1)
3 creatures vanquished.

Notes
Turn   | Place    | Note
-------+----------+-------------------------------------------
     0 | D:1      | fiver49 the Gargoyle Necromancer began the quest for the
                  | Orb.
     0 | D:1      | Reached XP level 1. HP: 10/10 MP: 3/3
    29 | D:1      | Found Cehuxt's Book Emporium.
   258 | D:1      | Slain by a kobold

Illustrated notes

Levels and vault maps discovered:
D:1:      lightli_arrival_windingriver, layout_basic, serial_shops,
          nicolae_shop_stone, minmay_statues_item

Action                   || total
-------------------------++-------
Melee: Unarmed           ||     6
 Cast: Pain              ||     6
Armor: Robe              ||     6
Dodge: Dodged            ||    11
